 Dungeon Crawl Stone Soup version 0.16-a0-286-g6bac339 (webtiles) character file.

553 Kashira the Gusty (level 7, -22/36 HPs)
             Began as a Tengu Air Elementalist on Aug 28, 2014.
             Was an Initiate of Qazlal.
             Annihilated by an ogre
             ... wielding a +0 giant club
              (31 damage)
             ... on Level 5 of the Dungeon.
             The game lasted 00:20:20 (4707 turns).

Kashira the Gusty (Tengu Air Elementalist)          Turns: 4707, Time: 00:20:21

HP -22/36        AC  3     Str  9      XL: 7   Next: 29%
MP  18/18        EV 13     Int 17      God: Qazlal [......]
Gold 75          SH  0     Dex 14      Spells:  2 memorised, 11 levels left

rFire  . . .     SeeInvis .     o - +0 dagger
rCold  . . .     Clarity  .     h - +0 robe
rNeg   . . .     rCorr    .     (no shield)
rPois  .         rRot     .     (helmet restricted)
rElec  .         Spirit   .     (no cloak)
SustAb .         Warding  .     k - +0 pair of gloves
rMut   .         Stasis   .     (boots unavailable)
Gourm  .                        (no amulet)
MR     .....                    (no ring)
                                (no ring)

@: not resistant to hostile enchantments, unstealthy
A: able to fly, beak, talons 3
a: Fly, Renounce Religion


You were on level 5 of the Dungeon.
You worshipped Qazlal.
Qazlal was noncommittal.
You were hungry.

You visited 2 branches of the dungeon, and saw 6 of its levels.

You collected 75 gold pieces.

Inventory:

Hand weapons
 n - a +0 blowgun
 o - a +0 dagger (weapon)
Missiles
 g - 36 poisoned needles
 m - 3 tomahawks (quivered)
Armour
 h - a +0 robe (worn)
 k - a +0 pair of gloves (worn)
Comestibles
 a - a slice of pizza
 c - 6 bread rations
 f - a meat ration
Scrolls
 d - 2 scrolls of identify {unknown}
 q - a scroll of recharging {unknown}
Jewellery
 e - a +1 ring of slaying {unknown}
Potions
 i - a potion of heal wounds {unknown}
 j - a potion of brilliance {unknown}
 l - 2 potions of curing {unknown}
 r - a potion of restore abilities {unknown}
Books
 b - a book of Air

   Spells                             Type                      Level
   *Shock                             Conjuration/Air              1
   *Swiftness                         Charms/Air                   2
   Repel Missiles                     Charms/Air                   2
   Flight                             Charms/Air                   3
   Static Discharge                   Conjuration/Air              3
   Lightning Bolt                     Conjuration/Air              5


   Skills:
 + Level 0.2 Short Blades
 + Level 3.2 Dodging
 + Level 2.3 Stealth
 + Level 4.3 Spellcasting
 + Level 5.2 Conjurations
 + Level 6.6 Air Magic


You had 11 spell levels left.
You knew the following spells:

 Your Spells              Type           Power        Failure   Level  Hunger
a - Shock                 Conj/Air       ###.         1%          1    None
b - Swiftness             Chrm/Air       ##......     10%         2    ##.....


Dungeon Overview and Level Annotations

Branches:
Dungeon (5/15)             Temple (1/1) D:5

Altars:
Cheibriados
Elyvilon
Gozag
Kikubaaqudgha
Makhleb
Qazlal
Sif Muna
Vehumet
Xom
Zin
The Shining One


Innate Abilities, Weirdness & Mutations

You can fly.
You have a beak for a mouth.
You have claws for feet.


Message History

Confirm with . or Enter, or press ? or * to list all spells.
Aiming: Shock
Press: ? - help, Shift-Dir - straight line, f/p - ogre
Aim: an ogre, wielding a giant club (almost dead)
You miscast Shock.
You are very lightly contaminated with residual magic.
Nothing appears to happen.
The ogre closely misses you.
Casting: Shock
Confirm with . or Enter, or press ? or * to list all spells.
Aiming: Shock
Press: ? - help, Shift-Dir - straight line, f/p - ogre
Aim: an ogre, wielding a giant club (almost dead)
The zap hits the ogre.
The ogre is almost dead.
An ogre is nearby!
Your magical contamination has completely faded away.
All of the chunks of flesh in your inventory have rotted away.
The ogre hits you with a giant club!!
Ouch! That really hurt!
You die...

#### ############# ##### ### ...#
#......#....# #.....#.. ...#
#......#.##.# #.....#.###+# ...#
#......#.##.# #.....#.#....
.#####...........####.....#.#....
........[.................+....>.
............#...@..##...[.#.#####
..#.....#.#.#....O......###......
#.........#......................
#.#....###...######..............
....##.# #....#####.........##.#.
###....# #..................##.#.
#..### #....#####.........##.#.
... ... #......)..##...
#...#.....#####


You could see an ogre.

Vanquished Creatures
  A phantom (D:4)
  A jelly (D:3)
  A hound (D:5)
  A hippogriff skeleton (D:3)
  A goliath beetle (D:5)
  An orc priest (D:3)
  A gnoll shaman (D:4)
  An orc wizard (D:3)
  A big kobold zombie (D:5)
  A worker ant (D:4)
  Jessica (D:2)
  3 gnolls (D:4)
  5 adders
  3 giant geckos
  6 orcs
  7 bats
  6 hobgoblins
  2 jackals (D:1)
  14 kobolds
  2 quokkas
  4 ball pythons
  7 giant cockroaches
  3 giant newts
  14 goblins
  A hobgoblin skeleton (D:4)
  A kobold skeleton (D:5)
  40 rats
129 creatures vanquished.

Notes
Turn   | Place    | Note
--------------------------------------------------------------
     0 | D:1      | Kashira, the Tengu Air Elementalist, began the quest for the Orb.
     0 | D:1      | Reached XP level 1. HP: 10/10 MP: 3/3
   406 | D:1      | Reached XP level 2. HP: 12/15 MP: 0/5
   929 | D:2      | Reached XP level 3. HP: 19/19 MP: 1/7
  1072 | D:2      | Noticed Jessica
  1074 | D:2      | Killed Jessica
  1423 | D:2      | Reached skill level 5 in Air Magic
  1442 | D:2      | Reached XP level 4. HP: 24/24 MP: 1/9
  2104 | D:3      | Learned a level 2 spell: Swiftness
  2272 | D:3      | Reached XP level 5. HP: 28/28 MP: 7/13
  2725 | D:3      | Reached XP level 6. HP: 32/32 MP: 4/15
  3163 | D:4      | Found a burning altar of Makhleb.
  3260 | D:4      | Found a glowing golden altar of the Shining One.
  3260 | D:4      | Found a glowing silver altar of Zin.
  3261 | D:4      | Found a white marble altar of Elyvilon.
  3617 | D:4      | Reached skill level 6 in Air Magic
  3825 | D:4      | Reached XP level 7. HP: 34/36 MP: 6/18
  3943 | D:5      | Entered Level 5 of the Dungeon
  3943 | D:5      | Found a staircase to the Ecumenical Temple.
  3950 | D:5      | Reached skill level 5 in Conjurations
  3992 | Temple   | Entered the Ecumenical Temple
  4144 | Temple   | Became a worshipper of Qazlal Stormbringer
  4707 | D:5      | Annihilated by an ogre

Action                   |  1- 3 |  4- 6 |  7- 9 || total
-------------------------+-------+-------+-------++-------
Melee: Dagger            |    13 |    10 |     1 ||    24
 Cast: Shock             |    59 |   178 |    48 ||   285
  Eat: Chunk             |     3 |     7 |     2 ||    12
